 Dungeon Sprint DCSS version 0.27-a0-988-g25969acef8 (webtiles) character file.

Game seed: 3615279413026249515

2690 mhtbhm the Eclecticist (level 9, -7/48 HPs)
             Began as a Deep Elf Earth Elementalist on Apr 15, 2021.
             Was a Priest of Vehumet.
             Mangled by a catoblepas (10 damage)
             ... while petrified by a catoblepas
             ... in the Dungeon (Sprint IX: "|||||||||||||||||||||||||||||").
             The game lasted 00:03:38 (1395 turns).

mhtbhm the Eclecticist (DEEE)                       Turns: 1395, Time: 00:03:39

Health: -7/48      AC:  4    Str:  8    XL:     9   Next: 38%
Magic:  20/32      EV:  2    Int: 24    God:    Vehumet [***...]
Gold:   0          SH:  0    Dex: 18    Spells: 27/42 levels left

rFire    . . .     SeeInvis .   a - +4 quarterstaff (spect)
rCold    . . .     Faith    .   (shield currently unavailable)
rNeg     + + +     Spirit   .   c - +0 robe
rPois    ∞         Reflect  .   n - +0 helmet
rElec    .         Harm     .   (no cloak)
rCorr    .         Rampage  .   (no gloves)
Will     .....     NoTele   +   m - +0 pair of boots
Stlth    ++........             (no amulet)
HPRegen  0.16/turn              p - +3 ring of strength
MPRegen  0.23/turn              o - +3 ring of dexterity

@: petrified
A: no striking features
a: Renounce Religion


You were in the Dungeon.
You worshipped Vehumet.
Vehumet was most pleased with you.
You visited 1 branch

Inventory:

Hand Weapons
 a - a +4 spectral quarterstaff (weapon)
Missiles
 b - 10 stones
Armour
 c - a +0 robe (worn)
 m - a +0 pair of boots (worn)
 n - a +0 helmet (worn)
Jewellery
 o - a +3 ring of dexterity (right hand)
 p - a +3 ring of strength (left hand)
Wands
 k - a wand of iceblast (9)
Scrolls
 i - 2 scrolls of amnesia
Potions
 d - 3 potions of curing
 e - 3 potions of heal wounds
 f - a potion of haste
 g - 2 potions of magic
 h - a potion of berserk rage
 l - a potion of invisibility


   Skills:
 + Level 2.1 Fighting
 + Level 5.3 Dodging
 - Level 2.5 Stealth
 + Level 17.3 Spellcasting
 + Level 2.4 Conjurations
 + Level 3.1 Transmutations
 + Level 16.1 Earth Magic
 + Level 0.6 Evocations


You had 27 spell levels left.
You knew the following spells:

 Your Spells              Type           Power      Damage    Failure   Level
a - Sandblast             Erth           100%       2d20      0%          1
b - Passwall              Tmut/Erth      50%        N/A       1%          2
c - Stone Arrow           Conj/Erth      100%       3d13      1%          3
d - Lee's Rapid Deconstr  Erth           39%        3d20*     1%          5
e - Petrify               Tmut/Erth      61%        N/A       1%          4

Your spell library contained the following spells:

 Spells                   Type           Power      Damage    Failure   Level
 Searing Ray              Conj           64%        3d5       1%          2


Dungeon Overview and Level Annotations

Branches:
Dungeon (1/1)

Altars:
Cheibriados
Dithmenos
Elyvilon
Fedhas
Gozag
Hepliaklqana
Kikubaaqudgha
Makhleb
Nemelex Xobeh
Okawaru
Qazlal
Ru
Sif Muna
Trog
Uskayaw
Vehumet
Wu Jian
Xom
Yredelemnul
Zin
The Shining One
Beogh
Jiyva
Lugonu


Message History

You are engulfed in calcifying dust. x2
The catoblepas gores you! The catoblepas gores you!!
The catoblepas breathes a plume of calcifying dust at you.
The blast of calcifying dust hits you.
You turn to flesh and can move again.
There is an ancient bone altar of Kikubaaqudgha here.
You are engulfed in calcifying dust.
You are slowing down.
There is a viscous altar of Jiyva here.
You are engulfed in calcifying dust.
The catoblepas breathes a plume of calcifying dust at you.
The blast of calcifying dust hits you!
* * * LOW HITPOINT WARNING * * *
Your limbs are stiffening.
There is a hazy altar of Hepliaklqana here.
Unknown command.
Press < or > to pray at altars.
Unknown command.
Press < or > to pray at altars.
Unknown command.
Press < or > to pray at altars.
You are engulfed in calcifying dust.
The catoblepas breathes a plume of calcifying dust at you.
The blast of calcifying dust hits you.
* * * LOW HITPOINT WARNING * * *
You have turned to stone.
You are engulfed in calcifying dust.
The catoblepas breathes a plume of calcifying dust at you.
The blast of calcifying dust hits you.
* * * LOW HITPOINT WARNING * * *
You are engulfed in calcifying dust.
The catoblepas breathes a plume of calcifying dust at you.
The blast of calcifying dust hits you!
* * * LOW HITPOINT WARNING * * *
You are engulfed in calcifying dust.
The catoblepas completely misses you.
You are engulfed in calcifying dust.
The catoblepas gores you.
* * * LOW HITPOINT WARNING * * *
The catoblepas gores you!!
You die...

▓.▓
▓.▓
▓'▓
▓§▓
▓§▓
▓_▓
▓§▓
▓§▓
▓@▓
▓Y▓
▓9▓
▓_▓
▓_▓
▓_▓
▓_▓
▓_▓
▓_▓


You could see a catoblepas and a gargoyle.

Vanquished Creatures
  A centaur warrior (D)
  A two-headed ogre (D)
  An ugly thing (D)
  A troll (D)
  A wyvern (D)
  A wraith (D)
  2 vampire mosquitoes (D)
  A water moccasin (D)
  A killer bee (D)
  A hound (D)
  A jelly (D)
  A gnoll shaman (D)
  An iguana (D)
  An adder (D)
  A bat (D)
  An endoplasm (D)
  A hobgoblin (D)
  2 rats (D)
20 creatures vanquished.

Notes
Turn   | Place    | Note
-------+----------+-------------------------------------------
     0 | D        | mhtbhm the Deep Elf Earth Elementalist began the quest for
                  | the Orb.
     0 | D        | Reached XP level 1. HP: 10/10 MP: 6/6
   178 | D        | Reached skill level 4 in Spellcasting
   211 | D        | Noticed an iguana
   211 | D        | Noticed a hound
   211 | D        | Noticed a water moccasin
   211 | D        | Noticed a jelly
   214 | D        | Killed an iguana
   215 | D        | Reached skill level 5 in Spellcasting
   215 | D        | Reached skill level 5 in Earth Magic
   215 | D        | Reached XP level 2. HP: 15/15 MP: 4/10
   215 | D        | Reached XP level 3. HP: 19/19 MP: 4/12
   217 | D        | Reached skill level 6 in Spellcasting
   454 | D        | Learned a level 2 spell: Passwall
   458 | D        | Learned a level 3 spell: Stone Arrow
   464 | D        | Reached XP level 4. HP: 24/24 MP: 9/14
   603 | D        | Killed a water moccasin
   604 | D        | Reached skill level 8 in Spellcasting
   604 | D        | Reached XP level 5. HP: 20/28 MP: 12/18
   605 | D        | Reached skill level 9 in Spellcasting
   704 | D        | Found a snail-covered altar of Cheibriados.
   704 | D        | Found a shadowy altar of Dithmenos.
   704 | D        | Found a white marble altar of Elyvilon.
   704 | D        | Found a blossoming altar of Fedhas.
   704 | D        | Found an opulent altar of Gozag.
   705 | D        | Found a hazy altar of Hepliaklqana.
   706 | D        | Found a viscous altar of Jiyva.
   707 | D        | Found an ancient bone altar of Kikubaaqudgha.
   708 | D        | Found a corrupted altar of Lugonu.
   709 | D        | Found a burning altar of Makhleb.
   710 | D        | Found a sparkling altar of Nemelex Xobeh.
   711 | D        | Found an iron altar of Okawaru.
   712 | D        | Found a stormy altar of Qazlal.
   713 | D        | Found a sacrificial altar of Ru.
   714 | D        | Found a shimmering blue altar of Sif Muna.
   715 | D        | Found a bloodstained altar of Trog.
   716 | D        | Found a hide-covered altar of Uskayaw.
   717 | D        | Found a radiant altar of Vehumet.
   718 | D        | Found an ornate altar of the Wu Jian Council.
   719 | D        | Found a shimmering altar of Xom.
   720 | D        | Found a basalt altar of Yredelemnul.
   721 | D        | Found a glowing silver altar of Zin.
   722 | D        | Found a glowing golden altar of the Shining One.
   727 | D        | Became a worshipper of Vehumet
   734 | D        | Learned a level 5 spell: Lee's Rapid Deconstruction
   739 | D        | Learned a level 4 spell: Petrify
   778 | D        | Noticed a wyvern
   778 | D        | Noticed a vampire mosquito
   778 | D        | Noticed a two-headed ogre
   778 | D        | Noticed a wraith
   782 | D        | Reached skill level 1 in Conjurations
   782 | D        | Reached skill level 10 in Earth Magic
   784 | D        | Reached skill level 1 in Fighting
   784 | D        | Reached skill level 10 in Spellcasting
   784 | D        | Reached XP level 6. HP: 17/34 MP: 6/21
   785 | D        | Killed a vampire mosquito
   785 | D        | Reached * piety under Vehumet
   785 | D        | Offered knowledge of Shock by Vehumet.
   785 | D        | Killed a wyvern
   786 | D        | Reached skill level 12 in Spellcasting
   786 | D        | Reached XP level 7. HP: 28/38 MP: 3/24
   833 | D        | Killed a two-headed ogre
   834 | D        | Reached skill level 5 in Dodging
   834 | D        | Reached skill level 14 in Spellcasting
   834 | D        | Reached XP level 8. HP: 39/44 MP: 12/28
  1057 | D        | Reached ** piety under Vehumet
  1057 | D        | Offered knowledge of Foxfire by Vehumet.
  1326 | D        | Noticed a troll
  1326 | D        | Noticed a centaur warrior
  1326 | D        | Noticed a brown ugly thing
  1326 | D        | Noticed a gargoyle
  1326 | D        | Noticed a catoblepas
  1334 | D        | Reached skill level 15 in Spellcasting
  1336 | D        | Killed a troll
  1337 | D        | Killed a centaur warrior
  1337 | D        | Offered knowledge of Searing Ray by Vehumet.
  1338 | D        | Reached skill level 16 in Spellcasting
  1338 | D        | Reached skill level 15 in Earth Magic
  1338 | D        | Reached XP level 9. HP: 34/48 MP: 1/31
  1367 | D        | Killed a brown ugly thing
  1367 | D        | Reached *** piety under Vehumet
  1368 | D        | Reached skill level 17 in Spellcasting
  1395 | D        | Mangled by a catoblepas

Illustrated notes

Levels and vault maps discovered:
D:        linesprint [early_d, line_temple, items_1, d_10, items_2, lair_1,
          lair_end, items_3, orc_1, orc_end, items_4, d_15, swamp_1, shoals_1,
          snake_1, spider_1, d_20, vaults_1, items_5, swamp_end, shoals_end,
          snake_end, spider_end, vaults_end, d_27, items_6, zot_1, zot_end,
          crypt_end, forest_end, elf_end, slime_end, tomb_end, abyss_end,
          pan_hell_end]

Skill      XL: |  1  2  3  4  5  6  7  8  9 |
---------------+----------------------------+-----
Spellcasting   | 5 6 8 10 12 14 16 17 | 17.3
Earth Magic    | 5 7 9 10 12 13 15 16 | 16.1
Dodging        | 3 4 5 |  5.3
Transmutations | 2 3 |  3.1
Conjurations   | 1 2 |  2.4
Fighting       | 1 2 |  2.1
Stealth        | |  2.5
Evocations     | |  0.6

Action                   |  1- 3 |  4- 6 |  7- 9 || total
-------------------------+-------+-------+-------++-------
 Cast: Sandblast         |    14 |     6 |       ||    20
       Stone Arrow       |     1 |       |     2 ||     3
       Lee's Rapid Decon |       |     3 |    14 ||    17
       Petrify           |       |       |     2 ||     2
Evoke: Wand              |       |       |     1 ||     1
  Use: Potion            |     1 |     1 |     2 ||     4
       Scroll            |     1 |       |     1 ||     2
Armor: Robe              |     1 |       |       ||     1
Dodge: Dodged            |     3 |     6 |     1 ||    10

Table legend: (Time is in decaauts)
 A = Elapsed time spent in this place.
 B = Non-inter-level travel time spent in this place.
 C = Inter-level travel time spent in this place.
 D = Time resting spent in this place.
 E = Time spent auto-exploring this place.
 F = Levels seen in this place.
 G = Mean time per level.
                   A        B        C        D        E       F      G
               +--------+--------+--------+--------+--------+-----+--------+
         Total |   1396 |   1396 |      0 |   1072 |     54 |   1 | 1396.0 |
       Dungeon |   1396 |   1396 |      0 |   1072 |     54 |   1 | 1396.0 |
               +--------+--------+--------+--------+--------+-----+--------+

Top non-repeatable levels by time:
       D: 1396 daAuts
